 Dungeon Crawl Stone Soup version 0.28.0-53-g5a82cb258f (webtiles) character file.

Game seed: 3589161374175211497

234 MiltankisOP the Ducker (level 6, -4/49 HPs)
             Began as a Merfolk Transmuter on June 17, 2022.
             Slain by an iguana (14 damage)
             ... on level 4 of the Dungeon.
             The game lasted 00:05:43 (4212 turns).

MiltankisOP the Ducker (Merfolk Transmuter)         Turns: 4212, Time: 00:05:44

Health: -4/49      AC:  2    Str: 11    XL:     6   Next: 5%
Magic:  9/9        EV: 14    Int: 14    God:
Gold:   197        SH:  0    Dex: 14    Spells: 8/9 levels left

rFire   . . .      SeeInvis .     - Unarmed
rCold   . . .      Faith    .   (no shield)
rNeg    . . .      Spirit   .   a - +0 robe
rPois   .          Reflect  .   (helmet currently unavailable)
rElec   .          Harm     .   (no cloak)
rCorr   .          Rampage  .   (no gloves)
Will    .....                   (boots currently unavailable)
Stlth   +.........              (no amulet)
HPRegen 0.16/turn               (no ring)
MPRegen 0.11/turn               (no ring)

@: appendages (expiring)
A: horns 2, (nimble swimmer 2), mertail
a: End Transformation


You were on level 4 of the Dungeon.
You had temporarily grown beastly horns.
You visited 1 branch of the dungeon, and saw 4 of its levels.

You collected 197 gold pieces.

Inventory:

Missiles
 l - 2 poisoned darts
 t - 6 javelins
 u - a throwing net
Armour
 a - a +0 robe (worn)
Wands
 j - a wand of digging (3)
 m - a wand of paralysis (3)
 q - a wand of polymorph (1)
 s - a wand of acid (8)
Scrolls
 c - 2 scrolls of identify {unknown}
 d - a scroll of teleportation {unknown}
 f - a scroll of magic mapping {unknown}
 k - a scroll of noise {unknown}
 n - a scroll of fog {unknown}
 o - a scroll of enchant weapon {unknown}
Potions
 b - a potion of mutation {unknown}
 e - a potion of heal wounds
 g - 3 potions of cancellation {unknown}
 h - a potion of lignification {unknown}
 i - a potion of ambrosia {unknown}
 p - a potion of might {unknown}
 r - a potion of attraction {unknown}


   Skills:
 * Level 4.5 Fighting
 - Level 6.0 Dodging
 - Level 3.2 Unarmed Combat
 - Level 2.0 Spellcasting
 - Level 2.6 Transmutations


You had 8 spell levels left.
You knew the following spells:

 Your Spells              Type           Power      Damage    Failure   Level
a - Beastly Appendage     Tmut           16%        N/A       8%          1

Your spell library contained the following spells:

 Spells                   Type           Power      Damage    Failure   Level
 Wereblood                Tmut           8%         N/A       12%         2
 Animate Skeleton         Necr           2%         N/A       24%         1
 Pain                     Necr           4%         1d4       24%         1
 Spider Form              Tmut/Pois      5%         N/A       38%         3
 Frozen Ramparts          Ice            2%         1d2       56%         3
 Vampiric Draining        Necr           1%         2d6       56%         3
 Ice Form                 Ice/Tmut       5%         N/A       80%         4
 Summon Ice Beast         Ice/Summ       1%         N/A       93%         4


Dungeon Overview and Level Annotations

Branches:
Dungeon (4/15)
 Temple: D:4-7

Altars:
Okawaru
Uskayaw

Shops:
D:4 ![*=[[

Annotations:
D:3 Sigmund


Innate Abilities, Weirdness & Mutations

You have temporarily grown beastly horns.
((You are very nimble when in or above water. (Stealth+, EV+, Speed+++)))
Your lower body shifts to a powerful aquatic tail in water.


Message History

The iguana is moderately wounded.
The iguana closely misses you.
You hit the iguana but do no damage. Your headbutt misses the iguana.
The iguana is moderately wounded.
The iguana bites you!
You barely miss the iguana. Your headbutt misses the iguana.
You punch the iguana, but do no damage.
The iguana is moderately wounded.
The iguana bites you!
You barely miss the iguana.
The iguana is moderately wounded.
The iguana barely misses you.
You hit the iguana but do no damage.
The iguana is moderately wounded.
Your transformation is almost over.
The iguana misses you.
You hit the iguana.
The iguana is heavily wounded.
The iguana barely misses you.
You closely miss the iguana.
The iguana is heavily wounded.
The iguana bites you but does no damage.
You hit the iguana but do no damage. Your headbutt misses the iguana.
The iguana is heavily wounded.
The iguana closely misses you.
You hit the iguana but do no damage.
You headbutt the iguana, but do no damage.
The iguana is heavily wounded.
The iguana closely misses you.
You closely miss the iguana.
The iguana is heavily wounded.
The iguana bites you!
You barely miss the iguana.
The iguana is heavily wounded.
The iguana bites you!
* * * LOW HITPOINT WARNING * * *
You hit the iguana. Your headbutt misses the iguana.
The iguana is severely wounded.
The iguana bites you!
You die...

. ###### .# .....# ### ..
...... ..# .#.# ####.#
#.##l.h #...# .#.≈≈# #l#
...≈≈# . #@# .#.≈≈###.
#.###### ...≈≈...
#.#....### #.≈≈.#
#........+ ♣♣.≈≈.♣♣♣ ..#
###.###### ...≈≈...♣#...#
#.#
.∩.≈≈.∩.♣#.#.#####.######.
...≈≈...♣#................
.∩....∩.♣###..####.###+###


You could see an iguana.

Vanquished Creatures
  Ijyb (D:3)
  2 orc wizards (D:4)
  6 gnolls
  3 adders
  An ufetubus (D:4)
  A worm (D:2)
  2 dart slugs
  5 orcs
  5 ball pythons
  3 endoplasms
  5 giant cockroaches
  8 goblins
  3 hobgoblins
  6 kobolds
  A quokka (D:1)
  3 bats
  3 frilled lizards
  3 rats
  A spectral goblin (D:1)
62 creatures vanquished.

Notes
Turn   | Place    | Note
-------+----------+-------------------------------------------
     0 | D:1      | MiltankisOP the Merfolk Transmuter began the quest for the
                  | Orb.
     0 | D:1      | Reached XP level 1. HP: 15/15 MP: 3/3
    44 | D:1      | Reached skill level 3 in Dodging
   359 | D:1      | Reached XP level 2. HP: 21/21 MP: 3/5
   604 | D:1      | Reached skill level 4 in Dodging
   714 | D:1      | Found a faded altar of an unknown god.
  1422 | D:2      | Reached XP level 3. HP: 19/26 MP: 6/6
  1691 | D:2      | Reached skill level 5 in Dodging
  1728 | D:2      | Reached XP level 4. HP: 28/32 MP: 5/7
  2346 | D:3      | Found a hide-covered altar of Uskayaw.
  2487 | D:3      | Noticed Ijyb
  2518 | D:3      | Killed Ijyb
  2519 | D:3      | Reached skill level 6 in Dodging
  2822 | D:3      | Noticed Sigmund
  3102 | D:3      | Reached XP level 5. HP: 31/39 MP: 8/8
  3211 | D:3      | Identified the +0 robe "Joxzy" {+Inv rCorr Dex-5}
  3275 | D:3      | Found an iron altar of Okawaru.
  3887 | D:4      | Reached XP level 6. HP: 12/49 MP: 7/9
  4138 | D:4      | Found Emygatia's Antique Armour Boutique.
  4139 | D:4      | Found Ynextiaw's Antique Armour Shop.
  4140 | D:4      | Found Ridweh's Assorted Antiques.
  4140 | D:4      | Found Gatziyn's Armour Emporium.
  4141 | D:4      | Found Kyomosch's Distillery.
  4141 | D:4      | Found Pautuevi's Jewellery Boutique.
  4212 | D:4      | Slain by an iguana

Illustrated notes

Levels and vault maps discovered:
D:1:      dpeg_arrival_central, layout_loops_corners,
          dreamdust_ecumenical_altar_drowned_temple, minmay_misc_feat_ornament
D:2:      layout_basic, nrook_mini_backslash, kennysheep_generic_room_10
D:3:      layout_loops_ring, lemuel_round_altar, overflow_temple_1_default,
          uniq_ijyb, uniq_sigmund
D:4:      layout_basic, serial_shops, shop, nicolae_wooded_promenade,
          st_stairs_9

Skill      XL: |  1  2  3  4  5 |
---------------+----------------+-----
Dodging        | 3 4 5 6 |  6.0
Fighting       | 2 4 |  4.5
Unarmed Combat | |  3.2
Spellcasting   | |  2.0
Transmutations | |  2.6

Action                   |  1- 3 |  4- 6 || total
-------------------------+-------+-------++-------
Melee: Unarmed           |    83 |   156 ||   239
       Headbutt          |     7 |    24 ||    31
       Punch             |     4 |     5 ||     9
 Cast: Beastly Appendage |    20 |    24 ||    44
 Stab: Sleeping          |     1 |       ||     1
Armor: Robe              |    12 |     8 ||    20
       Skin              |       |     1 ||     1
Dodge: Dodged            |    47 |    93 ||   140
